[Event "Titled Tuesday Blitz May 23 Early 2023"]
[White "Kovacsy, Barnabas"]
[Black "Tokman, Ariel"]
[WhiteFideId "769290"]
[BlackFideId "117420"]
[WhiteElo "2130"]
[BlackElo "2263"]
[Result "1-0"]
[Round "02"]
[TimeControl "180+2"]
[Date "2023.05.23"]
[WhiteClock "0:00:19"]
[BlackClock "0:00:14"]

1. e4 e6 2. d4 d5 3. exd5 exd5 4. Nf3 Bd6 5. Bd3 Ne7 6. h3 Bf5 7. Bg5 Bxd3 8. Qxd3 Qd7 9. O-O O-O 10. Bxe7 Qxe7 11. Re1 Qf6 12. c3 c6 13. Nbd2 Nd7 14. Re2 Rfe8 15. Rae1 Rxe2 16. Rxe2 Nf8 17. Ne5 Ne6 18. g3 Nc7 19. Kg2 Re8 20. Ndf3 Re6 21. h4 Qe7 22. Ng5 g6 23. Nxe6 Nxe6 24. Nf3 Qf6 25. b4 Kg7 26. Qe3 h6 27. a4 Qf5 28. Ne5 g5 29. hxg5 hxg5 30. Qf3 Qxf3+ 31. Kxf3 Kf6 32. Ng4+ Kf5 33. Ne5 f6 34. g4# 1-0


[Site "https://www.chess.com"]

[Event "Titled Tuesday Blitz May 23 Early 2023"]
[White "Brueckner, Thomas"]
[Black "Lehtosaari, Mauri"]
[WhiteFideId "4600452"]
[BlackFideId "501999"]
[WhiteElo "2322"]
[BlackElo "2510"]
[Result "1-0"]
[Round "02"]
[TimeControl "180+2"]
[Date "2023.05.23"]
[WhiteClock "0:00:03"]
[BlackClock "0:00:13"]

1. Nf3 d5 2. g3 Nf6 3. Bg2 c6 4. c4 dxc4 5. O-O Nbd7 6. Qc2 Nb6 7. Na3 Qd5 8. b3 cxb3 9. axb3 Bg4 10. Nc4 Qd8 11. Nfe5 Bd7 12. Bb2 e6 13. e4 Bb4 14. Nxb6 Qxb6 15. Nxd7 Kxd7 16. d4 Rhc8 17. e5 Nd5 18. Qxh7 Rg8 19. Qd3 a6 20. Rac1 Rac8 21. Be4 Be7 22. Qf3 Ke8 23. Rfd1 g6 24. h4 Rf8 25. h5 gxh5 26. Qxh5 Kd7 27. Qf3 Bg5 28. Rc5 Be7 29. Rc4 Qa5 30. Kg2 Qb6 31. Rcc1 Bg5 32. Rc5 Be7 33. Rcc1 Rcd8 34. Rh1 Kc8 35. Rh7 f5 36. exf6 Rxf6 37. Qe2 Rdf8 38. Rf1 Bd6 39. Bxd5 exd5 40. Qg4+ Kb8 41. Qd7 Qc7 42. Qxc7+ Bxc7 43. Bc1 Bd6 44. Bg5 Rf5 45. f4 b5 46. g4 R5f7 47. Rxf7 Rxf7 48. f5 a5 49. Ra1 Ra7 50. f6 Kc8 51. Bd2 a4 52. bxa4 bxa4 53. g5 Bf8 54. g6 Kd8 55. g7 Bxg7 56. fxg7 Rxg7+ 57. Kf3 Ra7 58. Ke2 Kd7 59. Bb4 Ke6 60. Kd3 Ra6 61. Kc3 Kf5 62. Re1 Kf4 63. Re6 a3 64. Re1 a2 65. Ra1 Ke3 66. Bc5 Ke2 67. Kb2 Ra5 68. Rxa2 Rb5+ 69. Kc3+ Ke3 70. Ra6 Rb1 71. Rxc6 Ke4 72. Re6+ Kf5 73. Re5+ Kf4 74. Rxd5 Ke4 75. Re5+ Kf4 76. Re7 Rb8 77. d5 Rd8 78. Kc4 Kf5 79. d6 Kf6 80. Re1 Ra8 81. Kd5 Ra6 82. d7 Ra8 83. Kd6 Ra6+ 84. Kd5 Ra8 85. Bb6 Kf7 86. d8=Q Rc8 87. Qxc8 Kg6 88. Qe6+ 1-0


[Site "https://www.chess.com"]

[Event "Titled Tuesday Blitz May 23 Early 2023"]
[White "Santos Flores, Alberto"]
[Black "Smiechu"]
[WhiteFideId "3601234"]
[WhiteElo "2235"]
[BlackElo "2316"]
[Result "1-0"]
[Round "02"]
[TimeControl "180+2"]
[Date "2023.05.23"]
[WhiteClock "0:02:22"]
[BlackClock "0:01:09"]

1. e4 c5 2. Nf3 g6 3. d4 cxd4 4. Nxd4 Nc6 5. Nc3 Bg7 6. Be3 Nf6 7. Bc4 O-O 8. Bb3 d6 9. f3 Bd7 10. Qd2 Rc8 11. h4 h5 12. O-O-O Ne5 13. Bg5 Rc5 14. Kb1 b5 15. g4 hxg4 16. h5 Nxh5 17. Nd5 Re8 18. Rxh5 gxh5 19. f4 Nf3 20. Nxf3 gxf3 21. f5 Rxd5 22. Bxd5 Qb6 23. Bh6 Bxh6 24. Qxh6 f2 25. Qg6+ Kh8 26. Bxf7 Qe3 27. Qxh5+ Kg7 28. Qg6+ Kh8 29. Rh1+ Qh3 30. Rxh3# 1-0


[Site "https://www.chess.com"]

[Event "Titled Tuesday Blitz May 23 Early 2023"]
[White "Manon-og, Ramon Jr."]
[Black "Chan, Luis"]
[WhiteFideId "5200776"]
[BlackFideId "3216357"]
[WhiteElo "2315"]
[BlackElo "2127"]
[Result "0-1"]
[Round "02"]
[TimeControl "180+2"]
[Date "2023.05.23"]
[WhiteClock "0:01:04"]
[BlackClock "0:00:08"]

1. e4 e6 2. d4 d5 3. Nd2 c5 4. Ngf3 cxd4 5. Nxd4 Nc6 6. Bb5 Bd7 7. Nxc6 bxc6 8. Bd3 Bd6 9. Qe2 Ne7 10. h4 Ng6 11. Nf3 h5 12. exd5 cxd5 13. Bxg6 fxg6 14. Bg5 Qa5+ 15. c3 O-O 16. Qd3 Rf5 17. a4 Raf8 18. O-O e5 19. b4 e4 20. Qd2 Qc7 21. Nd4 Bf4 22. Qa2 Re5 23. Rad1 Bxg5 24. hxg5 Rxg5 25. Nb5 Bxb5 26. Rxd5 Bc4 27. Qd2 Rxd5 28. Qe3 Bxf1 29. Kxf1 Qc4+ 30. Kg1 Rd3 31. Qxa7 Rxc3 32. a5 Rc1+ 33. Kh2 Qc7+ 0-1


[Site "https://www.chess.com"]

[Event "Titled Tuesday Blitz May 23 Early 2023"]
[White "Goltseva, Ekaterina"]
[Black "Goldin, Roman"]
[WhiteFideId "24173770"]
[BlackFideId "2803860"]
[WhiteElo "2114"]
[BlackElo "2312"]
[Result "1-0"]
[Round "02"]
[TimeControl "180+2"]
[Date "2023.05.23"]
[WhiteClock "0:00:06"]
[BlackClock "0:00:00"]

1. c4 e5 2. Nc3 Nf6 3. g3 d5 4. cxd5 Nxd5 5. Bg2 Nb6 6. e3 c5 7. Nge2 Be7 8. O-O Nc6 9. f4 exf4 10. Nxf4 O-O 11. b3 Bf6 12. Bb2 Re8 13. Nh5 Be5 14. Qf3 Qe7 15. Rad1 c4 16. Ba1 Be6 17. Nf4 Rad8 18. Rf2 Bf6 19. Nh5 Be5 20. bxc4 Nxc4 21. d4 Nxd4 22. exd4 Bxd4 23. Rxd4 Rxd4 24. Ne4 Bg4 25. Qxg4 f5 26. Rxf5 Ne3 27. Qg5 Qxg5 28. Rxg5 Rd1+ 29. Kf2 Rb1 30. Rxg7+ Kf8 31. Kxe3 Rxa1 32. Rxh7 Re1+ 33. Kf4 1-0


[Site "https://www.chess.com"]

[Event "Titled Tuesday Blitz May 23 Early 2023"]
[White "Bagwe Gaurang"]
[Black "Li, Hui"]
[WhiteFideId "45039895"]
[BlackFideId "15400310"]
[WhiteElo "1847"]
[BlackElo "1966"]
[Result "1-0"]
[Round "02"]
[TimeControl "180+2"]
[Date "2023.05.23"]
[WhiteClock "0:01:23"]
[BlackClock "0:00:01"]

1. e4 e5 2. Nf3 Nf6 3. Nxe5 d6 4. Nd3 Nxe4 5. Nf4 Nf6 6. d4 d5 7. Bd3 Bd6 8. O-O O-O 9. h3 c6 10. Be3 Re8 11. Nd2 Nbd7 12. Qf3 Nf8 13. Rae1 Ng6 14. Nxg6 hxg6 15. Re2 Be6 16. Rfe1 Qd7 17. Bg5 Nh7 18. Bh4 Be7 19. Bxe7 Rxe7 20. Nb3 b6 21. a4 Ree8 22. a5 Nf6 23. a6 Bf5 24. Nc1 Be4 25. Bxe4 Rxe4 26. Nd3 Qf5 27. c3 Rae8 28. Rxe4 Rxe4 29. Rxe4 Qxf3 30. gxf3 dxe4 31. Ne5 c5 32. Nc6 cxd4 33. cxd4 exf3 34. Nxa7 Nd5 35. Nb5 Nf4 36. a7 1-0


[Site "https://www.chess.com"]

[Event "Titled Tuesday Blitz May 23 Early 2023"]
[White "Sovetbekova, Nurai"]
[Black "Korkmaz, Necmettin"]
[WhiteFideId "13801910"]
[BlackFideId "6303285"]
[WhiteElo "1857"]
[BlackElo "2097"]
[Result "1-0"]
[Round "02"]
[TimeControl "180+2"]
[Date "2023.05.23"]
[WhiteClock "0:00:04"]
[BlackClock "0:00:14"]

1. d4 d5 2. c4 c6 3. Nf3 Nf6 4. g3 g6 5. Qa4 Nbd7 6. cxd5 cxd5 7. Nc3 Bg7 8. Bg2 O-O 9. O-O Nb6 10. Qd1 Bf5 11. Bf4 Rc8 12. Rc1 Ne4 13. Nxe4 Bxe4 14. Qb3 Qd7 15. Rc5 Rxc5 16. dxc5 Nc4 17. Rd1 Qc6 18. Nd4 Bxd4 19. Rxd4 Bxg2 20. Kxg2 e5 21. Qd3 exd4 22. Qxd4 Re8 23. Bh6 f6 24. b4 Rxe2 25. b5 Qe6 26. c6 bxc6 27. Qxa7 Qe7 28. Qa8+ Kf7 29. bxc6 g5 30. Qh8 Ne3+ 31. Kf3 Nf5 32. Qxh7+ Ke6 33. Qxe7+ Nxe7 34. Kxe2 Nxc6 35. Bf8 d4 36. Kd3 Kd5 37. a3 Ne5+ 38. Ke2 Kc4 39. Be7 d3+ 40. Kd2 Nf3+ 41. Kd1 f5 42. h4 gxh4 43. gxh4 d2 44. h5 Kd3 45. Bb4 Nd4 46. Bxd2 Nb3 47. Be3 Ke4 48. h6 f4 49. h7 fxe3 50. fxe3 Kd3 51. h8=Q 1-0


[Site "https://www.chess.com"]

[Event "Titled Tuesday Blitz May 23 Early 2023"]
[White "Lesbekova, Assel"]
[Black "Hajiyev, Kanan"]
[WhiteFideId "13713248"]
[BlackFideId "13404148"]
[WhiteElo "1805"]
[BlackElo "2103"]
[Result "0-1"]
[Round "02"]
[TimeControl "180+2"]
[Date "2023.05.23"]
[WhiteClock "0:00:00"]
[BlackClock "0:00:15"]

1. e4 c6 2. d4 d5 3. Nc3 a6 4. exd5 cxd5 5. Nf3 Nc6 6. h3 Bf5 7. a3 e6 8. Bd3 Bxd3 9. Qxd3 Nf6 10. Bf4 Bd6 11. Bxd6 Qxd6 12. O-O O-O 13. Rfe1 Rac8 14. Ne5 Na5 15. Qg3 Nc4 16. Nxc4 Qxg3 17. fxg3 Rxc4 18. Rad1 Rfc8 19. Kf2 b5 20. Ke3 Ne8 21. Kd3 Nd6 22. g4 a5 23. Re2 h6 24. Nb1 b4 25. axb4 axb4 26. c3 bxc3 27. Nxc3 Rb4 28. Ra1 Rcc4 29. Kc2 Rxd4 30. b3 Rb6 31. Ra8+ Kh7 32. Na2 Rc6+ 33. Kb2 Ne4 34. Ra7 Kg6 35. Rb7 Nd6 36. Rb8 Ne4 37. Nc1 Ng3 38. Rc2 Rxc2+ 39. Kxc2 Nf1 40. Nd3 Ne3+ 41. Kc3 Re4 42. g3 Nf1 43. Nf4+ Kf6 44. Rb7 Nxg3 45. Nd3 Ne2+ 46. Kd2 Nf4 47. Nc5 Re2+ 48. Kd1 Rb2 49. b4 Nxh3 50. b5 Nf2+ 51. Kc1 Rb4 52. b6 Rc4+ 53. Kd2 Rxc5 54. Rc7 Ne4+ 55. Ke3 Rb5 56. b7 Nd6 0-1


[Site "https://www.chess.com"]

[Event "Titled Tuesday Blitz May 23 Early 2023"]
[White "Yelisieiev, Yevhenii"]
[Black "Rodriguez Polo, Mateo"]
[WhiteFideId "14139642"]
[BlackFideId "24509396"]
[WhiteElo "2403"]
[BlackElo "2117"]
[Result "1-0"]
[Round "02"]
[TimeControl "180+2"]
[Date "2023.05.23"]
[WhiteClock "0:00:04"]
[BlackClock "0:00:16"]

1. d4 Nf6 2. Nf3 d5 3. c4 e6 4. Nc3 dxc4 5. e4 Bb4 6. Bg5 c5 7. Bxc4 cxd4 8. Nxd4 Bxc3+ 9. bxc3 Qa5 10. Bxf6 Qxc3+ 11. Kf1 gxf6 12. Rc1 Qb4 13. Nb5 Na6 14. Qd6 Qxd6 15. Nxd6+ Ke7 16. Nxc8+ Raxc8 17. Ke2 Nb4 18. f3 Rhg8 19. g3 Rgd8 20. Bb3 Nc6 21. Ke3 Ne5 22. Rxc8 Rxc8 23. f4 Nc4+ 24. Ke2 Na5 25. Kd2 Nxb3+ 26. axb3 a6 27. Ra1 Rc5 28. Ra2 Kd6 29. Ke3 Rb5 30. Rd2+ Kc6 31. Rd3 Rh5 32. Rd2 a5 33. Kd4 Rb5 34. Kc3 Rc5+ 35. Kb2 b5 36. Rd8 Rh5 37. Rd2 Rc5 38. Rd8 Rh5 39. Rd2 Kc5 40. h4 Rh6 41. Rd7 Rg6 42. Rxf7 Rxg3 43. Rxf6 Kb4 44. Rxe6 Rg2+ 45. Kc1 Kc3 46. Rc6+ Kxb3 47. e5 a4 48. e6 a3 49. f5 a2 50. Ra6 Re2 51. Kd1 Re5 52. f6 Kb2 53. e7 Rd5+ 54. Ke2 Re5+ 55. Kd3 Rf5 56. Rxa2+ Kxa2 57. e8=Q Rxf6 58. Qd8 Ka3 59. Qxf6 b4 60. Qa6+ 1-0


[Site "https://www.chess.com"]

[Event "Titled Tuesday Blitz May 23 Early 2023"]
[White "ibove"]
[Black "Sliwicki, Damian"]
[BlackFideId "1127128"]
[WhiteElo "2302"]
[BlackElo "2030"]
[Result "0-1"]
[Round "02"]
[TimeControl "180+2"]
[Date "2023.05.23"]
[WhiteClock "0:00:59"]
[BlackClock "0:00:14"]

1. d4 Nf6 2. Nf3 e6 3. Bg5 Be7 4. e3 b6 5. Bd3 Bb7 6. Nbd2 O-O 7. h4 d5 8. Bxf6 Bxf6 9. Bxh7+ Kxh7 10. Ng5+ Kh6 11. f4 Qe7 12. g4 g6 13. h5 Bxg5 14. fxg5+ Qxg5 15. Qf3 Nd7 16. O-O-O Kg7 17. Rdf1 e5 18. Qh3 Rh8 19. Nf3 Qxe3+ 20. Kb1 Raf8 21. Re1 Qf4 22. dxe5 d4 23. Rhf1 Bxf3 24. Rxf3 Qd2 25. Qg3 Re8 26. Rd3 Qg5 27. e6 Rxe6 28. Qxc7 Rxe1+ 0-1


[Site "https://www.chess.com"]

[Event "Titled Tuesday Blitz May 23 Early 2023"]
[White "Rose, Felix"]
[Black "Mostbauer, Florian"]
[WhiteFideId "5105722"]
[BlackFideId "1626671"]
[WhiteElo "2039"]
[BlackElo "2234"]
[Result "0-1"]
[Round "02"]
[TimeControl "180+2"]
[Date "2023.05.23"]
[WhiteClock "0:00:07"]
[BlackClock "0:00:16"]

1. e4 c6 2. d4 d5 3. e5 Bf5 4. h4 a6 5. h5 h6 6. g4 Bd7 7. f4 Qc8 8. f5 e6 9. fxe6 Bxe6 10. Bh3 c5 11. c3 Nc6 12. g5 hxg5 13. Bxg5 Nh6 14. Bxe6 Qxe6 15. Nf3 f6 16. Bf4 O-O-O 17. Nbd2 Ng4 18. Qe2 Qf5 19. Bg3 Rxh5 20. Nh4 Qe6 21. O-O-O fxe5 22. dxe5 Be7 23. Nhf3 Rdh8 24. Rxh5 Rxh5 25. Kb1 g6 26. a3 Rh3 27. Bf4 Qf5+ 28. Ka2 Qxf4 29. e6 Nge5 30. Nxe5 Qxe5 31. Qg4 Rh2 32. Qxg6 Re2 33. Qe8+ Kc7 34. Qd7+ Kb6 35. Nb3 Qxe6 36. Qxe6 Rxe6 37. Rxd5 Kc7 38. Nxc5 Bxc5 39. Rxc5 Kd6 40. Rc4 Re2 41. Kb3 Na5+ 42. Kb4 Nxc4 43. Kxc4 Rxb2 0-1


[Site "https://www.chess.com"]

[Event "Titled Tuesday Blitz May 23 Early 2023"]
[White "Estrada Nieto, Julian"]
[Black "Bashkansky, Ethan"]
[WhiteFideId "5101018"]
[BlackFideId "2071533"]
[WhiteElo "2161"]
[BlackElo "2298"]
[Result "1-0"]
[Round "02"]
[TimeControl "180+2"]
[Date "2023.05.23"]
[WhiteClock "0:00:55"]
[BlackClock "0:00:18"]

1. e4 c6 2. d4 d5 3. Nc3 dxe4 4. Nxe4 Bf5 5. Ng3 Bg6 6. h4 h6 7. Nf3 Nd7 8. h5 Bh7 9. Bd3 Bxd3 10. Qxd3 e6 11. Bd2 Ngf6 12. O-O-O Be7 13. Qe2 O-O 14. Nf1 c5 15. g4 Nh7 16. Rg1 cxd4 17. Nxd4 Bf6 18. Be3 Qa5 19. Kb1 Nb6 20. Ng3 Rac8 21. b3 Qb4 22. Qb5 Qc3 23. Ne4 Qc7 24. Nxf6+ Nxf6 25. Qd3 Rfd8 26. g5 Nxh5 27. gxh6 g6 28. Rxg6+ Kh8 29. Rg7 Nxg7 30. hxg7+ Kxg7 31. Rg1+ Kf8 32. Nxe6+ fxe6 33. Bh6+ Ke8 34. Rg8+ Kf7 35. Rg7+ Kf6 36. Qg6+ Ke5 37. Rxc7 Rxc7 38. Qg3+ 1-0


[Site "https://www.chess.com"]

[Event "Titled Tuesday Blitz May 23 Early 2023"]
[White "Jiganchine, Roman"]
[Black "Tanmay Jain"]
[WhiteFideId "2603667"]
[BlackFideId "45015481"]
[WhiteElo "2294"]
[BlackElo "2032"]
[Result "0-1"]
[Round "02"]
[TimeControl "180+2"]
[Date "2023.05.23"]
[WhiteClock "0:01:42"]
[BlackClock "0:01:57"]

1. e4 c5 2. Nf3 d6 3. Bb5+ Bd7 4. Bxd7+ Nxd7 5. O-O Ngf6 6. Qe2 g6 7. b3 Bg7 8. Bb2 O-O 9. c3 Rc8 10. d4 cxd4 11. cxd4 e6 12. Na3 d5 13. e5 Ne8 14. Nc2 Nc7 15. Ne3 f6 16. exf6 Nxf6 17. Ng4 Nxg4 18. Qxe6+ Nxe6 0-1


[Site "https://www.chess.com"]

[Event "Titled Tuesday Blitz May 23 Early 2023"]
[White "Trakru, Rohun"]
[Black "Rosenberg, Evan S"]
[WhiteFideId "2097613"]
[BlackFideId "2019299"]
[WhiteElo "1852"]
[BlackElo "2294"]
[Result "1-0"]
[Round "02"]
[TimeControl "180+2"]
[Date "2023.05.23"]
[WhiteClock "0:00:07"]
[BlackClock "0:00:07"]

1. e4 e5 2. Nf3 Nc6 3. Bc4 Nf6 4. d4 exd4 5. e5 d5 6. Bb5 Nd7 7. O-O Be7 8. Bxc6 bxc6 9. Nxd4 Nb8 10. Qf3 O-O 11. Nc3 a5 12. Bf4 Ra6 13. Qg3 c5 14. Ndb5 Rg6 15. Qf3 Be6 16. Rad1 d4 17. Qb7 c6 18. Nc7 Bf5 19. Rd2 Bg5 20. Bxg5 Qxg5 21. f4 Qe7 22. Na4 Rc8 23. Qb6 Qxc7 24. Qxc5 h5 25. Rxd4 Na6 26. Qb6 Qxb6 27. Nxb6 Rb8 28. Nc4 Bxc2 29. b3 a4 30. bxa4 Bxa4 31. Nd6 Bb5 32. Rb1 Be2 33. Rxb8+ Nxb8 34. Kf2 Bg4 35. f5 Rh6 36. h3 Bxf5 37. Nxf5 Rg6 38. Ne7+ Kf8 39. Nxg6+ fxg6 40. Rd8+ Ke7 41. Rxb8 1-0


[Site "https://www.chess.com"]

[Event "Titled Tuesday Blitz May 23 Early 2023"]
[White "Khamdamova, Afruza"]
[Black "Zampronha, Wladimir Camilo"]
[WhiteFideId "14210444"]
[BlackFideId "2103087"]
[WhiteElo "2312"]
[BlackElo "2176"]
[Result "1-0"]
[Round "02"]
[TimeControl "180+2"]
[Date "2023.05.23"]
[WhiteClock "0:00:59"]
[BlackClock "0:00:10"]

1. e4 c5 2. Nf3 e6 3. d4 cxd4 4. Nxd4 Nc6 5. Nc3 Qc7 6. Be2 a6 7. O-O Nf6 8. Be3 Bb4 9. Bd3 O-O 10. f4 d6 11. Kh1 b5 12. Nxc6 Qxc6 13. e5 Bb7 14. Qe2 Bxc3 15. bxc3 Nd5 16. Be4 Qxc3 17. Bd2 Qc5 18. Qh5 f5 19. exf6 Nxf6 20. Qxc5 dxc5 21. Bxb7 Ra7 22. Bf3 Nd5 23. g3 Nb4 24. Bxb4 cxb4 25. Rfe1 Kf7 26. Be4 Rd8 27. Bxh7 g6 28. g4 Rh8 29. Bxg6+ Kxg6 30. Rxe6+ Kf7 31. Rae1 Rc7 32. R1e2 Rhc8 33. Rxa6 Rxc2 34. Rxc2 Rxc2 35. h3 Rc1+ 36. Kg2 Ra1 37. Ra5 b3 38. Rxb5 bxa2 39. Ra5 Ke7 40. f5 Kf6 41. h4 Kg7 42. Ra6 Kf7 43. g5 Kg7 44. Ra7+ Kg8 45. f6 Kf8 46. g6 1-0


[Site "https://www.chess.com"]

[Event "Titled Tuesday Blitz May 23 Early 2023"]
[White "Jimenez Fernandez, Rebeca"]
[Black "Rengifo Blancas, Renzo Jhonathan"]
[WhiteFideId "32070934"]
[BlackFideId "3807185"]
[WhiteElo "2008"]
[BlackElo "2085"]
[Result "0-1"]
[Round "02"]
[TimeControl "180+2"]
[Date "2023.05.23"]
[WhiteClock "0:00:10"]
[BlackClock "0:02:09"]

1. e4 e5 2. d4 d6 3. Nf3 exd4 4. Nxd4 Nf6 5. Nc3 Be7 6. Bc4 c5 7. Nf3 O-O 8. O-O Be6 9. Nd5 Nc6 10. Re1 Re8 11. Bf4 Bf8 12. Bg5 Bxd5 13. Bxd5 h6 14. Bh4 g5 15. Bg3 Rc8 16. Nd2 Bg7 17. c3 Nxd5 18. exd5 Ne5 19. Ne4 Qd7 20. h4 f5 21. Nd2 f4 22. Bh2 Qf5 23. hxg5 hxg5 24. Qh5 Nf7 25. Ne4 Rxe4 26. Rxe4 Qxe4 27. Qg4 Re8 28. g3 Ne5 29. Qe6+ Rxe6 0-1


[Site "https://www.chess.com"]

[Event "Titled Tuesday Blitz May 23 Early 2023"]
[White "Yurasova, Daria"]
[Black "De Souza, Cristiano Gomes"]
[WhiteFideId "34146919"]
[BlackFideId "2151758"]
[WhiteElo "2109"]
[BlackElo "2068"]
[Result "1-0"]
[Round "02"]
[TimeControl "180+2"]
[Date "2023.05.23"]
[WhiteClock "0:00:38"]
[BlackClock "0:00:27"]

1. e4 c5 2. Nf3 d6 3. d4 cxd4 4. Nxd4 Nf6 5. Nc3 g6 6. Be3 Bg7 7. f3 O-O 8. Qd2 Nc6 9. Bc4 Bd7 10. Bf1 Rc8 11. Be2 Ne5 12. O-O Nc4 13. Bxc4 Rxc4 14. Rad1 Re8 15. Nce2 Qc7 16. c3 b5 17. Nc2 a5 18. a3 Be6 19. Bh6 Bxh6 20. Qxh6 d5 21. Ne3 Rc5 22. b4 axb4 23. axb4 Rxc3 24. Nxc3 Qxc3 25. Nxd5 Nxd5 26. exd5 Bf5 27. Qf4 Rc8 28. Rfe1 Rc4 29. Qb8+ Kg7 30. Rxe7 Qxb4 31. Qe5+ Kh6 32. Rxf7 Qc5+ 33. Kh1 b4 34. Qg7+ Kg5 35. Qxh7 Qxd5 36. h4+ Kf4 37. Rxd5 Kg3 38. Rd1 Rxh4+ 39. Qxh4+ Kxh4 40. Rxf5 gxf5 41. Rd4+ 1-0


[Site "https://www.chess.com"]

[Event "Titled Tuesday Blitz May 23 Early 2023"]
[White "Filip, Andrei"]
[Black "Ordekalog"]
[WhiteFideId "1249452"]
[WhiteElo "2202"]
[BlackElo "2492"]
[Result "0-1"]
[Round "02"]
[TimeControl "180+2"]
[Date "2023.05.23"]
[WhiteClock "0:00:05"]
[BlackClock "0:00:22"]

1. d4 Nf6 2. c4 e5 3. dxe5 Ng4 4. Bf4 Nc6 5. Nf3 Bb4+ 6. Nbd2 Qe7 7. e3 Ngxe5 8. Nxe5 Nxe5 9. Be2 O-O 10. O-O d6 11. a3 Bxd2 12. Qxd2 b6 13. e4 Bb7 14. f3 a5 15. b3 Nd7 16. Kh1 Nc5 17. Rab1 Rfe8 18. Bd1 Qe6 19. Bc2 a4 20. b4 Nd7 21. Qc3 Ba6 22. Bd3 Ne5 23. Bxe5 dxe5 24. b5 Bb7 25. c5 bxc5 26. Qxc5 Red8 27. Bc4 Qd6 28. Qe3 Qd4 29. Qe2 Qc5 30. Qa2 Rd7 31. Rfd1 Qe7 32. h3 Rad8 33. Rxd7 Rxd7 34. b6 h5 35. Bb5 Rd4 36. Bc4 cxb6 37. Rxb6 Rd7 38. Kh2 h4 39. Qc2 Qg5 40. Kh1 Rd2 41. Qxd2 Qxd2 42. Rxb7 Qc1+ 43. Kh2 Qxc4 44. Rb4 Qb3 0-1


[Site "https://www.chess.com"]

[Event "Titled Tuesday Blitz May 23 Early 2023"]
[White "Rom, Jasper"]
[Black "mohsengabr2002"]
[WhiteFideId "2023733"]
[WhiteElo "2233"]
[BlackElo "2281"]
[Result "0-1"]
[Round "02"]
[TimeControl "180+2"]
[Date "2023.05.23"]
[WhiteClock "0:00:02"]
[BlackClock "0:00:14"]

1. e4 c5 2. Nc3 d6 3. f4 g6 4. Nf3 Bg7 5. Bb5+ Nc6 6. d3 Bd7 7. O-O Nd4 8. Bc4 b5 9. Bd5 Rb8 10. Nxd4 cxd4 11. Ne2 e6 12. Bb3 a5 13. a3 Ne7 14. Qe1 Nc6 15. Qf2 a4 16. Ba2 b4 17. Bc4 Na5 18. Nxd4 Nxc4 19. dxc4 O-O 20. f5 exf5 21. exf5 Qf6 22. Be3 bxa3 23. bxa3 Rbe8 24. c3 Qe5 25. Rae1 Bxf5 26. Nxf5 Qxf5 27. Qxf5 gxf5 28. Bd4 Rxe1 29. Rxe1 Bxd4+ 30. cxd4 Rc8 31. Rc1 Kg7 32. Kf2 Kf6 33. Ke3 Rb8 34. Rc3 Rb2 35. c5 dxc5 36. dxc5 Ke7 37. c6 Kd8 38. Kf3 Kc7 39. Rc4 Rb3+ 40. Kf4 Rxa3 41. Kxf5 Ra2 42. g4 a3 43. Ra4 Rf2+ 44. Kg5 a2 45. h4 Kxc6 46. Kh6 Kb5 47. Ra8 Kb4 48. Rb8+ Kc3 49. Rc8+ Kb2 50. Rb8+ Kc1 51. Ra8 Kb1 52. Kxh7 Rf4 53. Rb8+ Ka1 54. h5 Rxg4 55. h6 f5 56. Kh8 f4 57. h7 Rh4 58. Kg7 Rg4+ 59. Kh8 Rh4 60. Kg7 f3 61. Rf8 Kb2 62. Rb8+ Kc2 63. Rc8+ Kb3 64. Rb8+ Kc3 65. Rc8+ Kb2 66. Rb8+ Kc2 67. Rc8+ Kd3 68. Ra8 f2 69. Ra3+ Kd4 70. Ra4+ Kd5 71. Rxh4 a1=Q+ 72. Kg8 f1=Q 73. Rh5+ Ke6 74. h8=Q Qf7# 0-1


[Site "https://www.chess.com"]

[Event "Titled Tuesday Blitz May 23 Early 2023"]
[White "Nissinen, Niilo Man"]
[Black "Devaev, Alexander"]
[WhiteFideId "30950767"]
[BlackFideId "4169395"]
[WhiteElo "1952"]
[BlackElo "2172"]
[Result "0-1"]
[Round "02"]
[TimeControl "180+2"]
[Date "2023.05.23"]
[WhiteClock "0:00:01"]
[BlackClock "0:00:19"]

1. e4 c6 2. d4 d5 3. Nc3 dxe4 4. Nxe4 Bf5 5. Ng3 Bg6 6. h4 h6 7. Nf3 Nd7 8. h5 Bh7 9. Bd3 Bxd3 10. Qxd3 Qc7 11. Bd2 e6 12. O-O-O Ngf6 13. Ne4 O-O-O 14. Rh4 Nc5 15. Nxc5 Bxc5 16. Ne5 Bd6 17. Nc4 Nd5 18. Nxd6+ Qxd6 19. c4 Nf6 20. Bf4 Qb4 21. a3 Qa5 22. b4 Qa6 23. Be5 Rhe8 24. Kb2 Re7 25. Rc1 Ne8 26. Bf4 Red7 27. Be3 Kb8 28. Qe4 Ka8 29. Rh3 Nd6 30. Qd3 b5 31. c5 Nc4+ 32. Rxc4 bxc4 33. Qc3 e5 34. Rg3 Rxd4 35. Rxg7 Rd3 36. b5 Qxb5+ 37. Qb4 Rb3+ 0-1


[Site "https://www.chess.com"]

[Event "Titled Tuesday Blitz May 23 Early 2023"]
[White "Belov, Alexei"]
[Black "lluiss"]
[WhiteFideId "4128206"]
[WhiteElo "2485"]
[BlackElo "2278"]
[Result "1-0"]
[Round "02"]
[TimeControl "180+2"]
[Date "2023.05.23"]
[WhiteClock "0:00:23"]
[BlackClock "0:00:00"]

1. e4 c5 2. Nf3 d6 3. d4 cxd4 4. Nxd4 Nf6 5. Nc3 g6 6. Be3 Bg7 7. f3 O-O 8. Qd2 Nc6 9. Bc4 Bd7 10. O-O-O Ne5 11. Bb3 Qa5 12. Kb1 Rfc8 13. h4 Rxc3 14. Qxc3 Qxc3 15. bxc3 Rc8 16. Ne2 Bb5 17. Nf4 a5 18. a4 Bc6 19. Bb6 Ra8 20. c4 Ned7 21. Be3 b6 22. Nd5 Bxd5 23. cxd5 Nc5 24. Ka2 Nfd7 25. Ka3 Ne5 26. Rb1 Rc8 27. Ba2 Na6 28. Bxb6 Rxc2 29. Rhc1 Rxg2 30. Rc8+ Bf8 31. Bxa5 Nc5 32. Rbb8 Ned7 33. Ra8 Rf2 34. Bb6 Rxf3+ 35. Kb4 Nd3+ 36. Kb5 Kg7 37. Bd4+ f6 38. Rd8 N3e5 39. Bxe5 Nxe5 40. Rxf8 Kh6 41. a5 1-0


[Site "https://www.chess.com"]

[Event "Titled Tuesday Blitz May 23 Early 2023"]
[White "Leschinsky, Gary"]
[Black "Tifferet, Shaked"]
[WhiteFideId "30951321"]
[BlackFideId "2811529"]
[WhiteElo "1855"]
[BlackElo "2142"]
[Result "1-0"]
[Round "02"]
[TimeControl "180+2"]
[Date "2023.05.23"]
[WhiteClock "0:00:08"]
[BlackClock "0:00:00"]

1. c4 g6 2. Nc3 Bg7 3. Nf3 e5 4. d4 exd4 5. Nxd4 Ne7 6. g3 Nbc6 7. Be3 d5 8. Nxc6 bxc6 9. Bd4 Bxd4 10. Qxd4 O-O 11. Bg2 Be6 12. Rd1 dxc4 13. Qe5 Qb8 14. Ne4 Qb5 15. Nf6+ Kh8 16. Nd5+ f6 17. Qxe6 Nxd5 18. Bxd5 cxd5 19. Qxd5 Qxb2 20. Qxc4 Rad8 21. O-O Qe5 22. h4 Rd6 23. Rxd6 Qxd6 24. Rc1 Re8 25. Qxc7 Qa3 26. Rc2 Qe7 27. Qf4 Kg7 28. h5 Rd8 29. h6+ Kf7 30. Rc7 Rd7 31. Qc4+ Kf8 32. Rc8+ Rd8 33. Qc7 Rxc8 34. Qxc8+ Kf7 35. Qc4+ Kf8 36. Kg2 g5 37. Qd3 Qb7+ 38. Qf3 Qb6 39. Qf5 Kg8 40. Qc8+ Kf7 41. Qh8 Qc6+ 42. f3 Qc4 43. Qg7+ Ke6 44. Qg8+ Kf5 45. Qxc4 1-0


[Site "https://www.chess.com"]

[Event "Titled Tuesday Blitz May 23 Early 2023"]
[White "Dilmukhametov, Artur"]
[Black "Kulkarni, Rakesh"]
[WhiteFideId "24179922"]
[BlackFideId "5037077"]
[WhiteElo "2242"]
[BlackElo "2252"]
[Result "0-1"]
[Round "02"]
[TimeControl "180+2"]
[Date "2023.05.23"]
[WhiteClock "0:01:18"]
[BlackClock "0:02:30"]

1. e4 d5 2. exd5 c6 3. Nc3 cxd5 4. d4 Nf6 5. Nf3 Nc6 6. Bf4 Bf5 7. Bd3 Bxd3 8. Qxd3 e6 9. O-O Rc8 10. Ne5 Bd6 11. Nxc6 Rxc6 12. Bxd6 Qxd6 13. Rfe1 O-O 14. Nb5 Qb4 15. b3 a6 16. c3 Qxb5 17. c4 dxc4 18. bxc4 Qxc4 19. Qe3 Nd5 20. Qd2 Qc2 21. Qg5 h6 22. Qg3 Rfc8 23. h3 Rc3 24. Qe5 Qf5 25. Qe2 Rc2 26. Qd1 Qxf2+ 0-1


[Site "https://www.chess.com"]